 Dungeon Crawl Stone Soup version 0.17.1-2-g5865329 (webtiles) character file.

75 Clownie the Slasher (level 4, -6/36 HPs)
             Began as a Draconian Gladiator on Feb 3, 2016.
             Mangled by a gnoll
             ... wielding a +0 flail
              (12 damage)
             ... on level 2 of the Dungeon.
             The game lasted 00:01:23 (1950 turns).

Clownie the Slasher (Draconian Gladiator)           Turns: 1950, Time: 00:01:23

Health: -6/36      AC:  5    Str: 18    XL:     4   Next: 11%
Magic:  4/4        EV: 12    Int:  8    God:
Gold:   105        SH:  0    Dex: 12    Spells: 0 memorised, 3 levels left

rFire  . . .     SeeInvis .     a - +0 long sword
rCold  . . .     Clarity  .     (armour unavailable)
rNeg   . . .     SustAt   .     (no shield)
rPois  .         Gourm    .     b - +0 hat
rElec  .         Spirit   .     (no cloak)
rCorr  .         Warding  .     (no gloves)
rMut   .         Stasis   .     (no boots)
MR     .....                    (no amulet)
Stlth  +.........               (no ring)
                                (no ring)

@: very slightly contaminated, hasted, very quick, not resistant to hostile
enchantments, very unstealthy
A: unfitting armour, cold-blooded, AC +5
a: no special abilities


You were on level 2 of the Dungeon.
You were not hungry.

You visited 1 branch of the dungeon, and saw 3 of its levels.

You collected 105 gold pieces.

Inventory:

Hand Weapons
 a - a +0 long sword (weapon)
Missiles
 c - 3 throwing nets (quivered)
Armour
 b - a +0 hat (worn)
Jewellery
 f - an uncursed ring of fire
 j - a cursed ring of teleportation {unknown}
 n - a cursed ring of loudness {unknown}
Scrolls
 g - a scroll of immolation {unknown}
 k - 2 scrolls of identify {unknown}
 o - a scroll of recharging {unknown}
Potions
 e - a potion of flight {unknown}
 i - a potion of haste
 l - a potion of curing {unknown}
 m - 2 potions of degeneration {unknown}
Comestibles
 d - a bread ration
 h - 2 meat rations


   Skills:
 - Level 2.1 Fighting
 + Level 5.0 Long Blades
 - Level 1.7 Throwing
 - Level 2.6 Dodging


You had 3 spell levels left.
You didn't know any spells.

Dungeon Overview and Level Annotations

Branches:
Dungeon (3/15)

Altars:
Nemelex Xobeh


Innate Abilities, Weirdness & Mutations

Your plain brown scales are hard (AC +5).
Your body does not fit into most forms of armour.
You are cold-blooded and may be slowed by cold attacks.


Message History

Okay, then.
Drink which item? (? for menu, Esc to quit)
It was a potion of haste.
You feel yourself speed up. The gnoll completely misses you.
The gnoll barely misses you.
You are very lightly contaminated with residual magic.
The gnoll closely misses you.
You barely miss the gnoll. The gnoll hits you with a flail.
* * * LOW HITPOINT WARNING * * *
You hit the gnoll but do no damage.
The gnoll is heavily wounded.
The gnoll hits you but does no damage.
You slash the gnoll!
You kill the gnoll!
Your Long Blades skill increases to level 5!
You have reached level 4!
You feel stronger.
You closely miss the gnoll. You tail-slap the gnoll.
The gnoll is moderately wounded.
The gnoll hits you with a flail!
You die...

..........#..#..#.#.#
..........##.##.#.#.#
..........##..#.#.#.#
..................#.#
.........####....##.#
....................#
.........#####...####
.........# ##..##
########## #.@.#
##g)## #...#
##########..#
#..........>#
#.###########
#.##########
#.#........#
#.#.######.#


You could see a gnoll.

Vanquished Creatures
  A gnoll (D:2)
  3 adders (D:2)
  An ooze (D:2)
  An adder zombie (D:2)
  2 worms (D:2)
  2 bats
  6 goblins
  4 hobgoblins
  A kobold (D:1)
  A quokka (D:2)
  A giant gecko (D:1)
  2 giant newts (D:2)
  2 rats (D:2)
27 creatures vanquished.

Notes
Turn   | Place    | Note
--------------------------------------------------------------
     0 | D:1      | Clownie the Draconian Gladiator began the quest for the Orb.
     0 | D:1      | Reached XP level 1. HP: 17/17 MP: 1/1
   361 | D:1      | Reached XP level 2. HP: 22/24 MP: 2/2
   881 | D:2      | Reached skill level 4 in Long Blades
  1325 | D:2      | Reached XP level 3. HP: 26/29 MP: 3/3
  1607 | D:2      | Found a sparkling altar of Nemelex Xobeh.
  1949 | D:2      | Reached skill level 5 in Long Blades
  1949 | D:2      | Reached XP level 4. HP: 6/36 MP: 4/4
  1950 | D:2      | Mangled by a gnoll

Action                   |  1- 3 |  4- 6 || total
-------------------------+-------+-------++-------
Melee: Long sword        |    96 |     1 ||    97
  Use: Potion            |     1 |       ||     1
 Stab: Sleeping          |     1 |       ||     1
  Eat: Chunk             |     3 |       ||     3
